 Dungeon Crawl Stone Soup version 0.18-a0-1788-g92de1ac (webtiles) character file.

10074 CrazyArbalest the Cruncher (level 11, -4/84 HPs)
             Began as a Demonspawn Gladiator on Apr 19, 2016.
             Was a High Priest of Dithmenos.
             Slain by an ice devil (7 damage)
             ... in an ice cave.
             The game lasted 01:00:23 (11396 turns).

CrazyArbalest the Cruncher (Demonspawn Gladiator)  Turns: 11396, Time: 01:00:24

Health: -4/84      AC:  8    Str: 15 (16) XL:     11   Next: 31%
Magic:  11/11      EV: 17    Int:  9 (10) God:    Dithmenos [*****.]
Gold:   454        SH:  0    Dex: 17 (18) Spells: 0 memorised, 10 levels left

rFire  . . .     SeeInvis .     a - +0 quarterstaff
rCold  . . .     Gourm    .     G - +2 leather armour {rPois}
rNeg   . . .     Faith    .     (shield currently unavailable)
rPois  +         Spirit   .     l - +0 helmet
rElec  .         Dismiss  .     (no cloak)
rCorr  .         Reflect  .     (no gloves)
SustAt .         Harm     .     N - +0 pair of boots {run}
MR     .....     Clarity  +     (no amulet)
Stlth  ++++......               Y - +2 ring of dexterity
                                (no ring)

@: very slightly contaminated, hasted, wreathed by umbra, very quick, not
resistant to hostile enchantments, stealthy
A: hooves 2, clarity, foul stench 1, powered by death 1, rot immunity
a: Shadow Step, Shadow Form, Renounce Religion


You were in an ice cave.
You worshipped Dithmenos.
Dithmenos was extremely pleased with you.
You were near starving.

You visited 2 branches of the dungeon, and saw 12 of its levels.
You also visited: Ice Cave.

You collected 550 gold pieces.
You spent 96 gold pieces at shops.

Inventory:

Hand Weapons
 a - a +0 quarterstaff (weapon)
 S - a +3 halberd
 X - a +0 hand crossbow
Missiles
 j - 74 bolts
 t - 2 javelins (quivered)
Armour
 d - a +2 robe of positive energy
 l - a +0 helmet (worn)
 G - a +2 leather armour of poison resistance (worn)
 N - a +0 pair of boots of running (worn)
Jewellery
 r - an uncursed ring of fire
 Y - a +2 ring of dexterity (right hand)
Wands
 m - a wand of teleportation (1/9)
 L - a wand of iceblast (3/15)
 P - a wand of paralysis (4/24)
 Z - a wand of iceblast (2/15)
Scrolls
 c - a scroll of fog {unknown}
 k - a scroll of blinking {unknown}
 s - 8 scrolls of fear
 u - a scroll of magic mapping {unknown}
 v - 6 scrolls of remove curse
 w - 2 scrolls of enchant weapon
 x - 3 scrolls of teleportation
 B - a scroll of enchant armour {unknown}
 F - 3 scrolls of recharging
 K - a scroll of amnesia {unknown}
 O - 2 scrolls of acquirement
Potions
 e - 3 potions of lignification
 h - 2 potions of ambrosia
 p - a potion of might {unknown}
 A - a potion of magic {unknown}
 C - a potion of cure mutation
 D - a potion of haste
 E - a potion of agility {unknown}
 I - 3 potions of curing
 M - a potion of resistance {unknown}
 Q - a potion of brilliance {unknown}
 R - a potion of mutation {unknown}
 T - a potion of heal wounds {unknown}
 V - a potion of flight {unknown}
 W - a potion of cancellation {unknown}
Comestibles
 f - 4 bread rations


   Skills:
 + Level 7.1 Fighting
 * Level 11.0 Staves
 + Level 2.4 Throwing
 + Level 6.1 Armour
 + Level 8.1 Dodging
 + Level 4.0 Stealth
 + Level 0.6 Evocations


You had 10 spell levels left.
You didn't know any spells.

Dungeon Overview and Level Annotations

Branches:
Dungeon (11/15)            Temple (1/1) D:5            Lair (0/8) D:8
    Orc (0/2) D:10

Altars:
Ashenzari
Cheibriados
Dithmenos
Elyvilon
Fedhas
Gozag
Kikubaaqudgha
Makhleb
Nemelex Xobeh
Okawaru
Pakellas
Qazlal
Ru
Sif Muna
Trog
Vehumet
Xom
Yredelemnul
Zin
The Shining One

Shops:
D:6 *

Annotations:
D:3 CrazyArbalest's ghost, amateur DsGl
D:9 exclusion: oklob plant


Innate Abilities, Weirdness & Mutations

You have hoof-like feet.
You may emit foul miasma when damaged in melee.
You regenerate a little health from kills.
You are immune to rotting.
You possess an exceptional clarity of mind.


Message History

It was a potion of cure mutation.
It has a very clean taste.
The ice devil hits you.
* * * LOW HITPOINT WARNING * * *
The ice devil freezes you!
* * * LOW HITPOINT WARNING * * *
Drink which item? (? for menu, Esc to quit)
You feel yourself speed up. The ice devil closely misses you.
You are very lightly contaminated with residual magic.
Drink which item? (? for menu, Esc to quit)
It was a potion of beneficial mutation.
Your thoughts seem clearer.
You feel fantastic!
Unknown command.
Unknown command.
Drink which item? (? for menu, Esc to quit)
It was a potion of degeneration.
There was something very wrong with that liquid.
You feel weakened.
You feel dopey.
You feel clumsy. The ice devil hits you!
You die...

####
#.)##
##..)#
#....#
##.4@.#
#....##
##.#.##
#. ###..#
#..##...#
#.......#
##...#..#
##..#..##
####...#


You could see an ice devil.

Vanquished Creatures
  A hill giant (D:10)
  2 ice statues (IceCv)
  2 trolls (D:9)
  Prince Ribbit (D:7)
  A shadow (D:10)
  9 yaks (D:9)
  A hungry ghost (D:8)
  2 hippogriffs
  Menkaure (D:4)
  A warg (D:10)
  A soldier ant (D:10)
  4 sky beasts
  11 ice beasts
  3 orc warriors (D:10)
  An eye of draining (D:9)
  A black bear (D:10)
  4 phantoms
  2 ogres
  3 centaurs
  5 giant frogs
  A big kobold (D:10)
  5 scorpions
  15 killer bees
  8 wights
  A howler monkey (D:3)
  4 crimson imps
  A centaur zombie (D:8)
  A giant frog zombie (D:5)
  A quasit (D:9)
  3 jellies
  6 orc wizards
  5 orc priests
  3 centaur skeletons
  3 giant frog skeletons
  5 hounds
  Jessica (D:2)
  3 iguanas
  A statue (D:5)
  5 worker ants
  2 killer bee zombies (D:10)
  2 worker ant zombies
  12 gnolls
  7 adders
  2 shadow imps
  5 white imps (IceCv)
  6 ufetubi (IceCv)
  2 oozes
  4 adder skeletons
  2 worms
  3 dart slugs
  A giant gecko (D:2)
  26 orcs
  7 bats
  2 giant cockroaches
  3 hobgoblins
  11 jackals
  6 quokkas
  A giant gecko skeleton (D:5)
  5 giant newts
  6 goblins
  3 jackal skeletons
  14 kobolds
  A quokka zombie (D:5)
  11 rats
  2 bushes (D:9)
  13 plants (D:9)
287 creatures vanquished.

Vanquished Creatures (others)
  2 white imps (IceCv)
  4 ufetubi (IceCv)
  14 toadstools (D:9)
20 creatures vanquished.

Grand Total: 307 creatures vanquished

Notes
Turn   | Place    | Note
--------------------------------------------------------------
     0 | D:1      | CrazyArbalest the Demonspawn Gladiator began the quest for the Orb.
     0 | D:1      | Reached XP level 1. HP: 16/16 MP: 1/1
   213 | D:1      | Found a snail-covered altar of Cheibriados.
   332 | D:1      | Gained mutation: You regenerate a little health from kills. [demonic ancestry]
   332 | D:1      | Reached XP level 2. HP: 22/22 MP: 2/2
   470 | D:1      | Reached skill level 3 in Staves
   922 | D:2      | Gained mutation: You have large cloven feet. [demonic ancestry]
   922 | D:2      | Reached XP level 3. HP: 28/28 MP: 3/3
  1001 | D:2      | Found a stormy altar of Qazlal.
  1080 | D:2      | Noticed Jessica
  1093 | D:2      | Killed Jessica
  1259 | D:2      | Gained mutation: You are immune to rotting. [demonic ancestry]
  1259 | D:2      | Reached XP level 4. HP: 32/34 MP: 4/4
  1308 | D:2      | Found a shimmering altar of Xom.
  1309 | D:2      | Found an iron altar of Okawaru.
  1312 | D:2      | Found a shadowy altar of Dithmenos.
  1312 | D:2      | Found a glowing golden altar of the Shining One.
  1312 | D:2      | Found a bloodstained altar of Trog.
  1339 | D:2      | Became a worshipper of Dithmenos the Shadowed
  1967 | D:3      | Reached skill level 1 in Armour
  2136 | D:3      | Reached XP level 5. HP: 33/40 MP: 5/5
  2146 | D:3      | Noticed an ice beast
  2151 | D:3      | Killed an ice beast
  2151 | D:3      | Reached skill level 4 in Staves
  2176 | D:3      | Gained mutation: You have hoof-like feet. [demonic ancestry]
  2176 | D:3      | Reached XP level 6. HP: 47/47 MP: 6/6
  2179 | D:3      | Reached * piety under Dithmenos
  2424 | D:3      | Noticed CrazyArbalest's ghost (amateur DsGl)
  2968 | D:4      | Noticed Menkaure
  2971 | D:4      | Found a sacrificial altar of Ru.
  2986 | D:4      | Killed Menkaure
  2986 | D:4      | Reached XP level 7. HP: 23/52 MP: 7/7
  2992 | D:4      | Reached ** piety under Dithmenos
  3098 | D:5      | Entered Level 5 of the Dungeon
  3129 | D:5      | Reached skill level 5 in Staves
  3216 | D:5      | Found a staircase to the Ecumenical Temple.
  3225 | Temple   | Entered the Ecumenical Temple
  3584 | D:5      | Found a radiant altar of Vehumet.
  3884 | D:5      | Gained mutation: You may emit foul miasma when damaged in melee. [demonic ancestry]
  3884 | D:5      | Reached XP level 8. HP: 58/60 MP: 8/8
  4217 | D:6      | Reached skill level 6 in Staves
  4256 | D:6      | Found Dyshroptu's Assorted Antiques.
  4259 | D:6      | Bought a scroll labeled EQAGRE TUGGUI for 32 gold pieces
  4259 | D:6      | Bought a scroll labeled JATOCZOEDE for 32 gold pieces
  4259 | D:6      | Bought a scroll labeled RILAAX MOBLO for 32 gold pieces
  4335 | D:6      | Reached skill level 5 in Dodging
  4587 | D:6      | Reached skill level 7 in Staves
  4818 | D:7      | Reached skill level 1 in Stealth
  4901 | D:7      | Reached *** piety under Dithmenos
  4935 | D:7      | Noticed Prince Ribbit
  4950 | D:7      | Reached XP level 9. HP: 39/67 MP: 9/9
  5105 | D:7      | Identified a +0 pair of boots of running (You found it on level 7 of the Dungeon)
  5183 | D:7      | Reached skill level 5 in Fighting
  5252 | D:7      | Killed Prince Ribbit
  5252 | D:7      | Reached skill level 5 in Armour
  5459 | D:8      | Found a staircase to the Lair.
  5541 | D:8      | Reached skill level 8 in Staves
  6542 | D:9      | Noticed a troll
  6552 | D:9      | Killed a troll
  6658 | D:9      | Reached skill level 9 in Staves
  6744 | D:9      | Reached XP level 10. HP: 27/76 MP: 10/10
  6763 | D:9      | Reached **** piety under Dithmenos
  7121 | D:9      | Found a blossoming altar of Fedhas.
  7142 | D:9      | Noticed an oklob plant
  7928 | D:9      | Reached skill level 10 in Staves
  8177 | D:10     | Entered Level 10 of the Dungeon
  8280 | D:10     | Noticed a hill giant
  8300 | D:10     | Killed a hill giant
  8344 | D:10     | Found a staircase to the Orcish Mines.
  8870 | D:10     | Reached XP level 11. HP: 25/83 MP: 11/11
  9069 | D:10     | Reached ***** piety under Dithmenos
  9418 | D:11     | Found a frozen archway.
  9569 | D:11     | Identified 2 scrolls of acquirement
  9589 | IceCv    | Entered an ice cave
 11342 | IceCv    | Reached skill level 11 in Staves
 11393 | IceCv    | HP: 3/84 [ice devil (17)]
 11395 | IceCv    | Gained mutation: You possess an exceptional clarity of mind. [potion of beneficial mutation]
 11396 | IceCv    | Slain by an ice devil

Vault maps used:
D:1:      saegor_arrival_miasma, cheibriados_altar_1
D:2:      lemuel_round_altar, grunt_temple_overflow_open, uniq_jessica
D:4:      first_bread, nicolae_ru_awakened_eye, uniq_menkaure
D:5:      vehumet_statue, minmay_temple_entry_trees
D:6:      serial_shops, kennysheep_mini_moat, lemuel_another_geyser
D:7:      uniq_prince_ribbit1
D:8:      lair_0_dummy
D:9:      tgw_fedhas
D:10:     david_orc_1_choice
D:11:     portal_ice_cave_entry_ice_beasts, serial_shops, shop, shop,
          hangedman_little_slice_of_home
Temple:   eino_temple_water_12
IceCv:    ice_cave_small_demon

Skill      XL: |  1  2  3  4  5  6  7  8  9 10 11 |
---------------+----------------------------------+-----
Staves         | 3 4 5 7 9 10 11 | 11.0
Dodging        | 3 4 5 6 7 8 |  8.1
Throwing       | 2 |  2.4
Armour         | 1 2 3 4 5 6 |  6.1
Fighting       | 3 4 5 6 7 |  7.1
Stealth        | 1 2 3 4 |  4.0
Evocations     | |  0.6

Action                   |  1- 3 |  4- 6 |  7- 9 | 10-12 || total
-------------------------+-------+-------+-------+-------++-------
Melee: Quarterstaff      |    80 |   173 |   751 |  1170 ||  2174
       Kick              |    10 |    53 |    21 |       ||    84
Throw: Javelin           |       |     7 |     9 |     2 ||    18
       Throwing net      |       |     4 |     2 |       ||     6
Evoke: Wand              |       |       |       |     3 ||     3
  Use: Potion            |       |       |     1 |     8 ||     9
       Scroll            |       |       |       |     8 ||     8
 Stab: Sleeping          |     2 |       |     3 |     3 ||     8
       Held in net/web   |       |     1 |     1 |       ||     2
       Distracted        |       |       |     1 |     2 ||     3
       Paralysed         |       |       |       |    18 ||    18
  Eat: Chunk             |     1 |     6 |    14 |    10 ||    31
       Fruit             |       |       |     1 |     1 ||     2
       Beef jerky        |       |       |       |     3 ||     3
Armor: Leather armour    |     4 |       |       |    72 ||    76
       Ring mail         |    24 |    72 |   180 |    39 ||   315
       Skin              |       |       |    18 |    22 ||    40
Dodge: Dodged            |    44 |   141 |   513 |   454 ||  1152
